 Dungeon Crawl Stone Soup version 0.29-a0-2-g12fcac58f8 (webtiles) character file.

Game seed: 18241900139112061615

88 cyrus the Skirmisher (level 4, -5/37 HPs)
             Began as a Palentonga Fighter on Jan 26, 2022.
             Slain by Natasha (6 damage)
             ... on level 2 of the Dungeon.
             The game lasted 00:05:25 (1766 turns).

cyrus the Skirmisher (Palentonga Fighter)           Turns: 1766, Time: 00:05:26

Health: -5/37      AC:  6    Str: 19    XL:     4   Next: 29%
Magic:  4/4        EV:  7    Int: 10    God:
Gold:   92         SH:  4    Dex: 10    Spells: 2/3 levels left

rFire   . . .      SeeInvis +   a - +0 long sword
rCold   . . .      Faith    .   c - +0 buckler
rNeg    . . .      Spirit   .   b - +0 scale mail
rPois   .          Reflect  .   (no helmet)
rElec   .          Harm     .   (no cloak)
rCorr   .          Rampage  .   (no gloves)
Will    .....                   (no barding)
Stlth   ..........              (no amulet)
HPRegen 0.12/turn               (no ring)
MPRegen 0.09/turn               (no ring)

@: no status effects
A: large, rugged brown scales 3, see invisible, deformed body, roll 1, armoured
tail
a: Rolling Charge


You were on level 2 of the Dungeon.
You visited 1 branch of the dungeon, and saw 2 of its levels.

You collected 92 gold pieces.

Inventory:

Hand Weapons
 a - a +0 long sword (weapon)
Armour
 b - a +0 scale mail (worn)
 c - a +0 buckler (worn)
Scrolls
 e - a scroll of fog {unknown}
 h - a scroll of identify {unknown}
Potions
 d - a potion of resistance {unknown}
 f - a potion of invisibility {unknown}
 g - 2 potions of haste {unknown}
 i - a potion of berserk rage {unknown}
 j - a potion of curing {unknown}


   Skills:
 + Level 3.4 Fighting
 + Level 2.9 Long Blades
 + Level 3.2 Armour
 + Level 0.2 Dodging
 + Level 0.1 Stealth
 + Level 2.6 Shields


You had 2 spell levels left.
You knew the following spells:

 Your Spells              Type           Power      Damage    Failure   Level
a - Beastly Appendage     Tmut           0%         N/A       80%         1

Your spell library contained the following spells:

 Spells                   Type           Power      Damage    Failure   Level
 Wereblood                Tmut           0%         N/A       91%         2
 Spider Form              Tmut/Pois      0%         N/A       99%         3


Dungeon Overview and Level Annotations

Branches:
Dungeon (2/15)

Altars:

Annotations:
D:2 Natasha


Innate Abilities, Weirdness & Mutations

You are completely covered in rugged brown scales. (AC +3, +7% HP)
You have supernaturally acute eyesight. (SInv)
Armour fits poorly on your strangely shaped body.
You can roll at nearby foes to attack.
You have a long armoured tail.


Message History

The white imp hits you but does no damage.
You hit the white imp.
Your tail-slap misses the white imp.
The white imp is lightly wounded.
You block the white imp's attack.
You barely miss the white imp.
The white imp is lightly wounded.
The white imp hits you. The white imp freezes you.
The white imp hits you but does no damage.
You closely miss the white imp.
You tail-slap the white imp, but do no damage.
The white imp is lightly wounded.
The white imp gestures at you. The puff of frost hits you!
* * * LOW HITPOINT WARNING * * *
The white imp barely misses you.
Natasha casts a spell.
The white imp barely misses you. The white imp gestures at you.
The puff of frost hits you.
* * * LOW HITPOINT WARNING * * *
The shadow imp shouts, "Fly, thou horrid doghearted skainsmate!"
Found 10 gold pieces.
The white imp disappears in a puff of smoke!
Natasha mumbles some strange words.
The shadow imp gestures at you. Pain shoots through your body!
* * * LOW HITPOINT WARNING * * *
You slash the shadow imp!
The shadow imp is severely wounded.
You block the shadow imp's attack.
You slash the shadow imp!
You kill the shadow imp!
The shadow imp disappears in a puff of smoke!
Natasha claws you but does no damage.
The shadow imp disappears in a puff of smoke!
You block Natasha's attack.
You closely miss Natasha. Natasha claws you.
* * * LOW HITPOINT WARNING * * *
Natasha claws you.
You die...

# .# #.## #
...## ##.
.....# $.#
#.....+
#.###....#
#.@.# ##h##
#...# ##.##
####+### #.#
#....... #.#
#.##.##. #.#
#####.......
#.#
#5.[.†....#.
#.#
#.###.......


You could see Natasha.

Vanquished Creatures
  Terence (D:2)
  Natasha (D:2)
  An adder (D:2)
  A worm (D:2)
  A bat (D:1)
  An endoplasm (D:2)
  2 giant cockroaches (D:1)
  5 goblins (D:1)
  2 hobgoblins (D:1)
  2 kobolds (D:1)
  A quokka (D:1)
  A ball python (D:1)
  2 frilled lizards (D:1)
  2 rats (D:1)
23 creatures vanquished.

Notes
Turn   | Place    | Note
-------+----------+-------------------------------------------
     0 | D:1      | cyrus the Palentonga Fighter began the quest for the Orb.
     0 | D:1      | Reached XP level 1. HP: 19/19 MP: 1/1
   289 | D:1      | Reached XP level 2. HP: 2/25 MP: 2/2
   702 | D:1      | Found a faded altar of an unknown god.
  1167 | D:2      | Reached XP level 3. HP: 31/31 MP: 3/3
  1169 | D:2      | Learned a level 1 spell: Beastly Appendage
  1423 | D:2      | Noticed Terence
  1439 | D:2      | Killed Terence
  1658 | D:2      | Noticed Natasha
  1676 | D:2      | Killed Natasha
  1677 | D:2      | Reached XP level 4. HP: 9/37 MP: 4/4
  1731 | D:2      | Noticed Natasha
  1766 | D:2      | HP: 1/37 [Natasha (2)]
  1766 | D:2      | Slain by Natasha

Illustrated notes

Levels and vault maps discovered:
D:1:      minmay_arrival_three_doors, layout_basic,
          hellmonk_ecumenical_altar_arch_garden, minmay_misc_feat_alley,
          lemuel_another_geyser
D:2:      layout_loops_corners, uniq_terence, uniq_natasha

Skill      XL: |  1  2 |
---------------+-------+-----
Armour         | 3 |  3.2
Fighting       | |  3.4
Long Blades    | |  2.9
Dodging        | |  0.2
Stealth        | |  0.1
Shields        | |  2.6

Action                   |  1- 3 |  4- 6 || total
-------------------------+-------+-------++-------
Melee: Long sword        |    74 |     8 ||    82
       Tailslap          |     8 |     1 ||     9
  Use: Potion            |     1 |       ||     1
Armor: Scale mail        |    37 |     3 ||    40
Dodge: Dodged            |    21 |     3 ||    24
Block: Buckler           |    12 |     3 ||    15

Table legend: (Time is in decaauts)
 A = Elapsed time spent in this place.
 B = Non-inter-level travel time spent in this place.
 C = Inter-level travel time spent in this place.
 D = Time resting spent in this place.
 E = Time spent auto-exploring this place.
 F = Levels seen in this place.
 G = Mean time per level.
                   A        B        C        D        E       F      G
               +--------+--------+--------+--------+--------+-----+--------+
         Total |   1812 |   1812 |      0 |    599 |    822 |   2 |  906.0 |
       Dungeon |   1812 |   1812 |      0 |    599 |    822 |   2 |  906.0 |
               +--------+--------+--------+--------+--------+-----+--------+

Top non-repeatable levels by time:
     D:1: 1165 daAuts
     D:2: 646 daAuts
